 Dungeon Crawl Stone Soup version 0.31-a0-851-g7ff8af7976 (webtiles) character file.

Game seed: 4958209435970193242

2160 kae the Cleaver (level 9, 0/70 HPs)
             Began as a Hill Orc Fighter on Oct 5, 2023.
             Was a Follower of Qazlal.
             Killed from afar by an electric eel (15 damage)
             ... with a bolt of electricity
             ... on level 6 of the Dungeon.
             The game lasted 00:04:23 (6223 turns).

kae the Cleaver (Hill Orc Fighter)                  Turns: 6223, Time: 00:04:23

Health: 0/70       AC:  8    Str: 23    XL:     9   Next: 31%
Magic:  14/14      EV:  8    Int:  8    God:    Qazlal [*.....]
Gold:   334        SH: 12    Dex: 10    Spells: 8/8 levels left

rFire   . . .        a - +1 war axe
rCold   . . .        j - +1 kite shield
rNeg    . . .        b - +0 scale mail
rPois   .            p - +0 helmet
rElec   .            (no cloak)
rCorr   .            (no gloves)
SInv    .            (no boots)
Will    .....        (no amulet) Stlth
                     (no ring)
HPRegen 0.31/turn    (no ring)
MPRegen 0.14/turn

%: no passive effects
@: no status effects
A: no striking features
a: Renounce Religion


You were on level 6 of the Dungeon.
You worshipped Qazlal.
Qazlal was aware of your devotion.
You visited 2 branches of the dungeon, and saw 7 of its levels.

You collected 334 gold pieces.


   Skills:
 - Level 3.6 Fighting
 + Level 12.8 Axes
 - Level 3.2 Armour
 - Level 6.0 Shields
 - Level 7.0 Invocations


You had 8 spell levels left.
You didn't know any spells.
Your spell library contained the following spells:

 Spells                   Type           Power      Damage    Failure   Level
 Apportation              Tloc           0%         N/A       92%         1
 Necrotise                Necr           0%         1d4       92%         1
 Summon Small Mammal      Summ           0%         N/A       92%         1
 Poisonous Vapours        Pois/Air       0%         N/A       98%         2
 Mephitic Cloud           Conj/Pois/Air  0%         N/A       100%        3
 Volatile Blastmotes      Fire/Tloc      0%         2d10      100%        3
 Animate Dead             Necr           0%         N/A       100%        4
 Fulminant Prism          Conj/Hex       0%         3d5       100%        4
 Iskenderun's Mystic Bla  Conj/Tloc      0%         2d3       100%        4
 Freezing Cloud           Conj/Ice/Air   0%         6-21      100%        5
 Haunt                    Necr/Summ      0%         N/A       100%        7
 Infestation              Necr           0%         N/A       100%        8

Inventory:

Hand Weapons
 a - a +1 war axe (weapon)
Missiles
 f - 58 stones
 k - a throwing net {=f!f}
 n - 5 boomerangs
 s - 17 poisoned darts
Armour
 b - a +0 scale mail (worn)
 c - a +0 buckler
 j - a +1 kite shield (worn)
   (You found it on level 1 of the Dungeon)
 p - a +0 helmet (worn)
   (You found it on level 3 of the Dungeon)
Magical Staves
 h - a staff of cold {!a}
   (You found it on level 3 of the Dungeon)
Jewellery
 E - a +5 ring of evasion
   (You found it on level 6 of the Dungeon)
 L - a ring of flight
   (You took it off a wight on level 4 of the Dungeon)
Scrolls
 e - a scroll of fear
 i - a scroll of teleportation {@r4}
 m - a scroll of amnesia {unknown}
 u - a scroll of identify {@r1}
Potions
 d - 2 potions of heal wounds {@q2}
 g - 3 potions of haste {unknown}
 l - a potion of brilliance {unknown}
 o - a potion of mutation {!q}
 q - 2 potions of degeneration {unknown}
 r - a potion of attraction {!q}
 t - a potion of curing {@q1}

Dungeon Overview and Level Annotations

Branches:
Dungeon (6/15) Zot: 25950  Temple (1/1) D:4 Zot: 5956

Altars:
Ashenzari
Cheibriados
Dithmenos
Elyvilon
Fedhas
Gozag
Hepliaklqana
Kikubaaqudgha
Makhleb
Nemelex Xobeh
Qazlal
Ru
Sif Muna
Uskayaw
Vehumet
Wu Jian
Xom
Yredelemnul
Zin
The Shining One

.....##.......#~..........
#######.#####.'...†[.[)$..
#.'.$.†....(..
#.....#~..........
...#####~.⌠##⌠....⌠ .
#~.## #....# #~.## ....#
#~.⌠##⌠....⌠ #~@........
#~S~~~~~.. ########++


You could see an electric eel.


Message History

The howler monkey hoots and howls with incredible vigour! x2
The howler monkey hoots and howls with incredible vigour!
You hit the howler monkey. You slash the howler monkey!
You block the howler monkey's attack. x2
You barely miss the howler monkey. You miss the phantom.
You slash the howler monkey!
The howler monkey hits you but does no damage.
The howler monkey barely misses you. You block the phantom's attack.
You block the howler monkey's attack.
The scorpion stings you but does no damage.
You slice the howler monkey!!
You kill the howler monkey!
Qazlal accepts your kill.
You hit the howler monkey. You slash the scorpion! You slash the phantom!
The phantom barely misses you.
The howler monkey hits you but does no damage.
You block the scorpion's attack.
You slash the howler monkey!
You kill the howler monkey!
Qazlal accepts your kill.
You hit the scorpion but do no damage. You barely miss the phantom.
The phantom barely misses you. You block the scorpion's attack.
You closely miss the scorpion. You hit the phantom.
The phantom hits you but does no damage.
You block the scorpion's attack.
You closely miss the scorpion. You completely miss the phantom.
The scorpion stings you. You block the phantom's attack.
You hit the scorpion. You miss the phantom. You block the scorpion's attack.
The phantom hits you. 😕 HP[-2]
You take 2 damage, and now have 68/70 hp.
You slash the scorpion!
You kill the scorpion!
Qazlal accepts your kill.
You hit the phantom. The phantom barely misses you.
You slice the phantom!!
You destroy the phantom!
Qazlal accepts your kill.
No target in view!
No target in view!
No target in view!
No target in view! 😕 HP[+1]
An electric eel comes into view.
The electric eel shoots out a bolt of lightning at you!
The bolt of electricity hits you!
You see here 11 gold pieces. 😕 HP[-7]
You take 7 damage, and now have 62/70 hp.
An electric eel is nearby!
The electric eel shoots out a bolt of lightning at you!
The bolt of electricity hits you!
An electric eel is nearby! 😕 HP[-8]
You take 8 damage, and now have 54/70 hp.
An electric eel is nearby!
The electric eel shoots out a bolt of lightning at you!
The bolt of electricity hits you!
You are too injured to fight recklessly! 😮 HP[-8]
You take 8 damage, and now have 46/70 hp.
You are too injured to fight recklessly!
You are too injured to fight recklessly!
You are too injured to fight recklessly!
You are too injured to fight recklessly!
The electric eel shoots out a bolt of lightning at you!
The bolt of electricity hits you! 😮 HP[-6]
You take 6 damage, and now have 40/70 hp.
The electric eel shoots out a bolt of lightning at you!
The bolt of electricity hits you!
* * * LOW HITPOINT WARNING * * *
😨 HP[-15]
You take 15 damage, and now have 25/70 hp.
MASSIVE DAMAGE!! (PAUSE)
The electric eel shoots out a bolt of lightning at you!
The bolt of electricity hits you.
* * * LOW HITPOINT WARNING * * *
😨 HP[-2]
You take 2 damage, and now have 23/70 hp.
You barely miss the electric eel. 😨 HP[+1] Unknown command.
You hit the electric eel.
The electric eel shoots out a bolt of lightning at you!
The bolt of electricity hits you.
* * * LOW HITPOINT WARNING * * *
😨 HP[-6]
You take 6 damage, and now have 18/70 hp.
You barely miss the electric eel.
The electric eel shoots out a bolt of lightning at you!
The bolt of electricity hits you.
* * * LOW HITPOINT WARNING * * *
😱 HP[-3]
You take 3 damage, and now have 15/70 hp.
Unknown command.
You hit the electric eel.
The electric eel shoots out a bolt of lightning at you!
The bolt of electricity hits you!
You die...

Skill      XL: |  1  2  3  4  5  6  7  8  9 |
---------------+----------------------------+-----
Axes           | 3 4 5 6 7 9 11 12 | 12.8
Shields        | 4 5 6 |  6.0
Invocations    | 4 7 |  7.0
Fighting       | |  3.6
Armour         | |  3.2

Action                     |  1- 3 |  4- 6 |  7- 9 || total
---------------------------+-------+-------+-------++-------
  Melee: War axe           |   104 |   118 |   217 ||   439
    Use: Scroll            |       |     7 |     6 ||    13
         Potion            |       |     1 |     1 ||     2
 Armour: Scale mail        |    75 |    82 |   122 ||   279
  Dodge: Dodged            |    57 |    50 |    54 ||   161
  Block: Buckler           |    21 |       |       ||    21
         Kite shield       |     5 |    50 |   102 ||   157

Levels and vault maps discovered:
D:1:      orjb1_clovarrival, layout_basic
D:2:      layout_basic, basic_altar
D:3:      layout_basic
D:4:      layout_loops_ring, minmay_temple_entry_hall, nrook_uturn,
          hangedman_decor_points, dk_noncrumbling_3, uniq_grinder, uniq_edmund
D:5:      layout_basic
D:6:      layout_loops_ring, kennysheep_dice
Temple:   nicolae_temple_slightly_damp_pantheon

Notes
Turn   | Place    | Note
-------+----------+-------------------------------------------
     0 | D:1      | kae the Hill Orc Fighter began the quest for the Orb.
     0 | D:1      | Reached XP level 1. HP: 19/19 MP: 1/1
     0 | D:1      | magus.rc [v1.11.3]
    37 | D:1      | Reached skill level 3 in Axes
   108 | D:1      | Reached XP level 2. HP: 22/26 MP: 2/2
   213 | D:1      | Reached skill level 4 in Axes
   417 | D:1      | Reached XP level 3. HP: 31/31 MP: 3/3
  1042 | D:2      | Found a shimmering blue altar of Sif Muna.
  1062 | D:2      | Reached skill level 5 in Axes
  1070 | D:2      | Reached XP level 4. HP: 27/39 MP: 4/4
  1161 | D:2      | You pick up a book of Vapours and begin reading...
  1161 | D:2      | You add the spells Poisonous Vapours, Mephitic Cloud and
                  | Freezing Cloud to your library.
  1231 | D:2      | Reached skill level 4 in Shields
  1414 | D:2      | You pick up a book of Cantrips and begin reading...
  1414 | D:2      | You add the spells Necrotise, Summon Small Mammal and
                  | Apportation to your library.
  2038 | D:3      | Reached XP level 5. HP: 43/44 MP: 5/5
  2833 | D:4      | Reached skill level 6 in Axes
  2834 | D:4      | Noticed a black bear
  2845 | D:4      | Killed a black bear
  2846 | D:4      | Reached skill level 5 in Shields
  2846 | D:4      | Reached XP level 6. HP: 34/51 MP: 6/6
  3061 | D:4      | Noticed Grinder
  3068 | D:4      | Killed Grinder
  3069 | D:4      | Reached skill level 7 in Axes
  3069 | D:4      | Reached XP level 7. HP: 36/57 MP: 7/7
  3194 | D:4      | Reached skill level 6 in Shields
  3273 | D:4      | Found a staircase to the Ecumenical Temple.
  3280 | Temple   | Entered the Ecumenical Temple
  3299 | Temple   | Became a worshipper of Qazlal Stormbringer
  3349 | D:4      | HP: 10/52 [wight/+0 quarterstaff (7)]
  3566 | D:4      | Reached skill level 8 in Axes
  3566 | D:4      | Reached skill level 1 in Invocations
  3620 | D:4      | Reached skill level 2 in Invocations
  3712 | D:4      | Reached skill level 3 in Invocations
  4089 | D:4      | Reached skill level 9 in Axes
  4089 | D:4      | Reached skill level 4 in Invocations
  4089 | D:4      | Reached XP level 8. HP: 60/64 MP: 9/11
  4131 | D:4      | Noticed Edmund
  4143 | D:4      | Killed Edmund
  4209 | D:4      | Reached skill level 5 in Invocations
  4389 | D:5      | Entered Level 5 of the Dungeon
  4555 | D:5      | Reached skill level 10 in Axes
  4763 | D:5      | Reached * piety under Qazlal
  4769 | D:5      | Reached skill level 6 in Invocations
  4821 | D:5      | You pick up a book of Blasting and begin reading...
  4821 | D:5      | You add the spells Volatile Blastmotes, Fulminant Prism and
                  | Iskenderun's Mystic Blast to your library.
  5236 | D:5      | HP: 16/64 [poisoned by a water moccasin]
  5237 | D:5      | Reached skill level 7 in Invocations
  5241 | D:5      | HP: 12/64 [poisoned by a water moccasin]
  5423 | D:6      | Reached skill level 11 in Axes
  5426 | D:6      | HP: 1/64 [ogre/+0 giant club (16)]
  5428 | D:6      | Reached XP level 9. HP: 2/70 MP: 14/14
  5805 | D:6      | Reached skill level 12 in Axes
  5853 | D:6      | You pick up a book of Death and begin reading...
  5853 | D:6      | You add the spells Animate Dead, Haunt and Infestation to
                  | your library.
  5945 | D:6      | Identified the +8 trident of the Extremes {holy, Fragile
                  | rN+ Int+2}
  6222 | D:6      | HP: 15/70 [electric eel/bolt of electricity (3)]
  6223 | D:6      | Killed from afar by an electric eel

Vanquished Creatures
  Grinder (D:4)
  Edmund (D:4)
  A water moccasin (D:5)
  2 ice beasts (D:6)
  2 black bears (D:4)
  4 ogres
  2 phantoms (D:6)
  A scorpion (D:6)
  4 wights (D:4)
  2 howler monkeys (D:6)
  2 jellies
  A hound (D:5)
  An orc priest (D:5)
  A gnoll bouda (D:6)
  5 iguanas
  A sleepcap (D:5)
  8 gnolls
  6 adders
  2 ufetubi (D:4)
  2 worms
  3 dart slugs
  9 orcs
  6 endoplasms
  2 giant cockroaches
  9 hobgoblins
  9 jackals
  6 quokkas
  5 ball pythons
  8 bats
  8 frilled lizards
  6 goblins
  6 kobolds
  8 rats
134 creatures vanquished.

Table legend:
 A = Non-vault XP
 B = Vault XP
 C = Vault XP percentage of total XP
 D = Non-vault monster count
 E = Vault monster count
 F = Vault count percentage of total count
                 A         B        C        D         E       F
            +---------+---------+-------+---------+---------+-------
      Total |    2455 |     632 |  20.5 |     129 |       5 |   3.7
            +---------+---------+-------+---------+---------+-------
        D:1 |      45 |       0 |   0.0 |      29 |       0 |   0.0
        D:2 |     102 |       0 |   0.0 |      23 |       0 |   0.0
        D:3 |      46 |       0 |   0.0 |      19 |       0 |   0.0
        D:4 |    1014 |     434 |  30.0 |      32 |       2 |   5.9
        D:5 |     519 |       0 |   0.0 |      14 |       0 |   0.0
        D:6 |     729 |     198 |  21.4 |      12 |       3 |  20.0
            +---------+---------+-------+---------+---------+-------

Skill      XL: |  1  2  3  4  5  6  7  8  9 |
---------------+----------------------------+-----
Axes           | 3 4 5 6 7 9 11 12 | 12.8
Shields        | 4 5 6 |  6.0
Invocations    | 4 7 |  7.0
Fighting       | |  3.6
Armour         | |  3.2

Action                     |  1- 3 |  4- 6 |  7- 9 || total
---------------------------+-------+-------+-------++-------
  Melee: War axe           |   104 |   118 |   217 ||   439
    Use: Scroll            |       |     7 |     6 ||    13
         Potion            |       |     1 |     1 ||     2
 Armour: Scale mail        |    75 |    82 |   122 ||   279
  Dodge: Dodged            |    57 |    50 |    54 ||   161
  Block: Buckler           |    21 |       |       ||    21
         Kite shield       |     5 |    50 |   102 ||   157

Illustrated notes

Table legend:
 A = Kills in this place as a percentage of kills in the entire game.
 B = Kills by you in this place as a percentage of kills by you in the entire game.
 C = Kills by friends in this place as a percentage of kills by friends in the entire game.
 D = Other kills in this place as a percentage of other kills in the entire game.
 E = Experience gained in this place as a percentage of experience gained in the entire game.
 F = Experience gained in this place divided by the number of levels of this place that you have seen.
                   A       B       C       D       E      F
               +-------+-------+-------+-------+-------+----------------------
         Total | 100.0 | 100.0 |   N/A |   N/A | 100.0 | 441.0
       Dungeon | 100.0 | 100.0 |   N/A |   N/A | 100.0 | 514.5
               +-------+-------+-------+-------+-------+----------------------

Table legend: (Time is in decaauts)
 A = Elapsed time spent in this place.
 B = Non-inter-level travel time spent in this place.
 C = Inter-level travel time spent in this place.
 D = Time resting spent in this place.
 E = Time spent auto-exploring this place.
 F = Levels seen in this place.
 G = Mean time per level.
                   A        B        C        D        E       F      G
               +--------+--------+--------+--------+--------+-----+--------+
         Total |   6346 |   6030 |    316 |    994 |   4049 |   7 |  906.6 |
       Dungeon |   6303 |   6026 |    277 |    994 |   4049 |   6 | 1050.5 |
        Temple |     43 |      4 |     39 |      0 |      0 |   1 |   43.0 |
               +--------+--------+--------+--------+--------+-----+--------+

Top non-repeatable levels by time:
     D:4: 1673 daAuts
     D:5: 1159 daAuts
     D:1: 1053 daAuts
     D:3: 1001 daAuts
     D:2: 856 daAuts
     D:6: 559 daAuts
  Temple: 43 daAuts
